 Dungeon Crawl Stone Soup version 0.26.1-11-gd32895ea62 (webtiles) character file.

Game seed: 9663676465835360944

101 jlumianski the Caller (level 4, -5/19 HPs)
             Began as a Felid Summoner on May 25, 2021.
             Killed by divine providence
             ... invoked by an orc priest
              (12 damage)
             ... on level 3 of the Dungeon.
             The game lasted 00:22:34 (4750 turns).

jlumianski the Caller (Felid Summoner)              Turns: 4750, Time: 00:22:35

Health: -5/19      AC:  1    Str:  4    XL:     4   Next: 48%
Magic:  1/9        EV: 19    Int: 17    God:
Gold:   173        SH:  0    Dex: 16    Spells: 3/9 levels left
                                        Lives:  0   Deaths: 1

rFire    . . .     SeeInvis +     - Unarmed
rCold    . . .     Faith    .   (shield unavailable)
rNeg     . . .     Spirit   .   (armour unavailable)
rPois    .         Reflect  .   (helmet unavailable)
rElec    .         Harm     .   (cloak unavailable)
rCorr    .         Rampage  .   (gloves unavailable)
Will     .....                  (boots unavailable)
Stlth    +++.......             (no amulet)
HPRegen  0.06/turn              (no ring)
MPRegen  0.11/turn              (no ring)

@: quick
A: very small, no armour, no weapons or thrown items, stealth, claws 1, fangs 3,
see invisible, speed 1, shaggy fur 1, sharp paws
a: no special abilities


You were on level 3 of the Dungeon.
You visited 1 branch of the dungeon, and saw 3 of its levels.

You collected 173 gold pieces.

Inventory:

Jewellery
 a - an uncursed amulet of guardian spirit
Scrolls
 c - 2 scrolls of blinking
 d - 2 scrolls of magic mapping
 f - a scroll of fog
 h - 2 scrolls of identify
Potions
 b - 2 potions of curing
 e - a potion of might {unknown}
 g - a potion of brilliance {unknown}


   Skills:
 * Level 1.4 Fighting
 * Level 3.6 Dodging
 + Level 3.3 Stealth
 * Level 1.4 Unarmed Combat
 + Level 3.0 Spellcasting
 + Level 4.8 Summonings


You had 3 spell levels left.
You knew the following spells:

 Your Spells              Type           Power        Failure   Level
a - Summon Small Mammal   Summ           76%          2%          1
b - Call Imp              Summ           19%          3%          2
c - Call Canine Familiar  Summ           19%          7%          3

Your spell library contained the following spells:

 Spells                   Type           Power        Failure   Level
 Summon Guardian Golem    Hex/Summ       10%          19%         3
 Summon Ice Beast         Ice/Summ       10%          54%         4
 Summon Lightning Spire   Summ/Air       10%          54%         4


Dungeon Overview and Level Annotations

Branches:
Dungeon (3/15)

Altars:
Okawaru
Qazlal
Ru
Trog
Vehumet
Yredelemnul
The Shining One
Beogh


Innate Abilities, Weirdness & Mutations

You cannot wear armour.
You are incapable of wielding weapons or throwing items.
Your paws allow you to move quietly. (Stealth)
You have sharp claws.
You have razor-sharp teeth.
You have supernaturally acute eyesight. (SInv)
You cover ground quickly.
You are covered in fur. (AC +1)
Your sharp claws are effective at attacking unaware monsters.


Message History

The orc priest closely misses your crimson imp.
The orc wizard mumbles some strange words.
The orc wizard blinks!
Your rat bites the orc but does no damage.
Something hits your crimson imp. The orc barely misses your rat.
Your crimson imp disappears in a puff of smoke!
The orc wizard completely misses your bat.
Your rat bites the orc but does no damage.
Your bat closely misses the orc wizard.
The orc hits your rat but does no damage.
Your bat barely misses the orc wizard.
The orc priest barely misses your crimson imp.
The orc wizard gestures wildly while chanting.
The orc wizard blinks!
Your rat barely misses the orc.
Your crimson imp hits the orc but does no damage.
Your bat closely misses the orc wizard.
The orc closely misses something.
The orc priest invokes the aid of Beogh against you.
Beogh smites you!
Ouch! That really hurt!
You die...

#$8.8$# #...........#
#$$$o.###...........#
#$8o8.#.#...........#
#.o.##.##.........##
##o##.§###...#...##
#..5..§..#####....##
#..ro.h..# ####.#..# ####
#######b.###....##.####...
#..o@....###....##...
#........###....##...
.#...............###.)
#........................
##.###........##..........
#...########.####....##...
#...# #....#....#..##
#...# ####.#.......##
#...# ####............


You could see an orc priest, an orc wizard, an orc, a friendly hound (summoned),
a friendly crimson imp (summoned) and a friendly bat (summoned).

Vanquished Creatures
  An orc wizard (D:3)
  A gnoll (D:2)
  An adder (D:3)
  A leopard gecko (D:2)
  2 goblins
  A kobold (D:2)
  7 bats
  2 frilled lizards
  2 rats
18 creatures vanquished.

Vanquished Creatures (collateral kills)
  An orc priest (D:3)
  6 gnolls (D:2)
  An adder (D:2)
  2 oozes (D:1)
  2 worms
  A leopard gecko (D:1)
  7 orcs (D:3)
  4 bats
  3 giant cockroaches
  7 goblins
  4 hobgoblins
  10 jackals
  2 quokkas
  A ball python (D:2)
  5 frilled lizards
  8 kobolds
  7 rats
71 creatures vanquished.

Grand Total: 89 creatures vanquished

Notes
Turn   | Place    | Note
-------+----------+-------------------------------------------
     0 | D:1      | jlumianski the Felid Summoner began the quest for the Orb.
     0 | D:1      | Reached XP level 1. HP: 7/7 MP: 4/4
   649 | D:1      | Reached XP level 2. HP: 11/11 MP: 6/6
   880 | D:1      | Learned a level 2 spell: Call Imp
  1665 | D:1      | Reached XP level 3. HP: 14/14 MP: 3/7
  2661 | D:2      | Reached skill level 1 in Fighting
  2867 | D:2      | Reached XP level 4. HP: 19/19 MP: 2/8
  3406 | D:2      | Reached skill level 1 in Unarmed Combat
  3616 | D:2      | Found a radiant altar of Vehumet.
  3956 | D:2      | Found a bloodstained altar of Trog.
  4028 | D:3      | Learned a level 3 spell: Call Canine Familiar
  4134 | D:3      | Killed from afar by an orc priest
  4135 | D:3      | Reached XP level 3. HP: -6/15 MP: 2/8
  4377 | D:3      | Reached XP level 4. HP: 19/19 MP: 3/9
  4451 | D:3      | Found an iron altar of Okawaru.
  4455 | D:3      | Found a stormy altar of Qazlal.
  4455 | D:3      | Found a sacrificial altar of Ru.
  4468 | D:3      | Found a glowing golden altar of the Shining One.
  4471 | D:3      | Found a basalt altar of Yredelemnul.
  4612 | D:3      | Found a roughly hewn altar of Beogh.
  4750 | D:3      | Killed from afar by an orc priest

Illustrated notes

Levels and vault maps discovered:
D:1:      lemuel_arrival_tunnels, layout_basic, minmay_heptomino_w4
D:2:      layout_loops_ring, marbit_many_paths, lightli_temple_of_fire
D:3:      layout_rooms, minmay_overflow_temple_star_hex, kennysheep_orc_chapel

Skill      XL: |  1  2  3  4 |
---------------+-------------+-----
Dodging        | 3 |  3.6
Stealth        | 3 |  3.3
Fighting       | 1 |  1.4
Unarmed Combat | 1 |  1.4
Spellcasting   | 3 |  3.0
Summonings     | |  4.8

Action                   |  1- 3 |  4- 6 || total
-------------------------+-------+-------++-------
Melee: Unarmed           |    25 |    19 ||    44
 Cast: Summon Small Mamm |    79 |    34 ||   113
       Call Imp          |    25 |    23 ||    48
       Call Canine Famil |     1 |     3 ||     4
  Use: Scroll            |     8 |       ||     8
       Potion            |     1 |       ||     1
 Stab: Sleeping          |     8 |     6 ||    14
Armor: Skin              |     2 |       ||     2
Dodge: Dodged            |    31 |    21 ||    52
